Map: Catalyst LE

Players

Seismic - Winner!

  • Race: Terran Terran
  • League: Gold
  • Spawn Location: 11:00

A.I. 1 (Easy)

  • Race: Zerg Zerg
  • Spawn Location: 5:00

VOD

Have the link to the VOD?

Description

Time

  • Played on: March 6, 2018, 8:15 p.m.
  • Length: 11:08
Show
View Real Time Build Order
Export as new Build Order

Seismic Terran - Winner!

Build Orders: Bio Tank 

Get SALT Encoding   

  12  0:01  SCV  
  13  0:13  SCV  
  14  0:17  Supply Depot  
  14  0:25  SCV  
  15  0:29  Refinery  
  15  0:39  SCV  
  16  0:46  Barracks  
  16  0:51  SCV  
  17  1:03  SCV  
  18  1:15  SCV  
  19  1:34  Barracks Reactor  
  19  1:36  Orbital Command  
  19  1:49  Command Center  
  19  2:00  Factory  
  18  2:05  SCV  
  19  2:15  Supply Depot  
  19  2:19  Marine  
  19  2:20  Marine  
  19  2:22  SCV  
  22  2:27  Refinery  
  22  2:34  SCV  
  23  2:45  Starport  
  23  2:46  Factory Tech Lab  
  23  2:48  SCV  
  23  2:49  Marine  
  25  3:01  SCV  
  25  3:03  Orbital Command  
  26  3:11  Supply Depot  
  26  3:16  Siege Tank  
  29  3:23  SCV  
  30  3:34  SCV  
  31  3:37  SCV  
  31  3:38  Marine x2  
  34  3:44  Supply Depot  
  34  3:46  SCV  
  35  3:49  SCV  
  35  3:55  Siege Tank  
  39  3:56  Marine x2  
  39  4:00  SCV  
  39  4:01  SCV  
  43  4:09  Supply Depot  
  43  4:14  Marine x2  
  43  4:15  SCV  
  43  4:16  SCV  
  47  4:27  Siege Tank  
  47  4:28  SCV x2  
  52  4:32  Marine x2  
  52  4:34  Supply Depot  
  54  4:40  SCV x2  
  56  4:48  Refinery  
  56  4:49  Refinery  
  56  4:50  Engineering Bay  
  56  4:59  Siege Tank  
  59  5:01  Marine x2  
  59  5:02  Barracks  
  59  5:05  Barracks  
  61  5:08  Supply Depot  
  61  5:10  SCV  
  61  5:11  SCV  
  63  5:23  Marine x2  
  65  5:31  Siege Tank  
  65  5:34  Starport Reactor  
  68  5:37  SCV x2  
  68  5:42  Terran Infantry Weapons Level 1  
  70  5:50  Supply Depot x2  
  70  5:54  Barracks Tech Lab x2  
  70  5:55  Marine x2  
  72  6:03  Siege Tank  
  75  6:11  Barracks  
  75  6:12  Barracks, Medivac x2  
  75  6:13  Marine x2  
  75  6:16  Supply Depot  
  75  6:17  Supply Depot  
  81  6:19  SCV x2  
  81  6:25  Marine  
  83  6:26  Marine  
  83  6:28  Stimpack, Combat Shields  
  83  6:31  Marine x2  
  87  6:36  Siege Tank  
  90  6:42  SCV x2  
  90  6:43  Marine x2  
  94  6:53  Supply Depot  
  94  6:54  Supply Depot, Marine x2  
  95  7:01  Marine x2  
  96  7:05  Barracks Reactor x2  
  98  7:08  Siege Tank  
  98  7:10  Medivac x2  
  105  7:17  Supply Depot  
  105  7:19  SCV x2  
  105  7:20  Marine  
  105  7:21  Marine x2  
  105  7:22  Marine  
  111  7:38  Marine  
  111  7:39  Marine x2  
  111  7:40  Medivac x2, Marine  
  111  7:41  Siege Tank  
  122  7:45  Marine x2  
  122  7:46  Marine x2  
  126  7:56  Marine x2  
  126  7:57  Marine x2  
  130  8:10  Medivac, Marine x2  
  130  8:11  Marine x2  
  136  8:13  Siege Tank  
  136  8:15  Marine  
  142  8:24  Supply Depot  
  142  8:35  Marine  
  142  8:36  Marine  
  142  8:45  Siege Tank, Medivac, Marine  
  148  9:23  Marine x2  
  150  9:32  Supply Depot  
  150  9:35  Supply Depot  
  150  9:37  Unknown  
  150  9:53  Marine x5  
  150  9:54  Siege Tank  
  150  9:56  Medivac x2, Marine  
  163  10:19  Unknown  
  163  10:29  Unknown  
Show
View Real Time Build Order
Export as new Build Order

A.I. 1 (Easy) Zerg 

Build Orders: Pool First 

Get SALT Encoding   

  12  0:01  Drone  
  13  0:12  Overlord  
  13  0:17  Drone  
  14  0:31  Drone  
  14  0:35  Drone  
  16  0:42  Spawning Pool  
  15  0:44  Drone  
  15  0:47  Extractor  
  15  0:50  Drone  
  16  0:58  Overlord  
  16  1:29  Queen  
  16  1:30  Zergling x2  
  19  1:32  Roach Warren  
  19  1:34  Extractor  
  19  1:35  Drone  
  18  1:41  Drone  
  18  1:42  Zergling x2  
  20  2:04  Overlord  
  20  2:12  Roach  
  22  2:17  Drone  
  23  2:24  Drone  
  24  2:35  Drone  
  24  2:36  Roach  
  27  2:39  Drone  
  27  2:43  Drone  
  29  2:47  Drone  
  30  2:57  Overlord  
  30  3:09  Roach  
  32  5:13  Zergling x2, Overlord, Lair, Drone  
  34  5:17  Drone  
  35  5:22  Drone  
  35  5:26  Zergling x2, Drone  
  38  5:50  Zergling x2  
  31  6:03  Zergling x2  
  32  6:11  Overseer x2  
  32  6:14  Spire  
  32  6:15  Drone  
  32  6:37  Hatchery  
  32  6:38  Drone  
  32  7:28  Mutalisk  
  34  7:41  Mutalisk  
  36  7:49  Drone  
  37  7:54  Mutalisk, Drone  
  37  7:58  Drone  
  41  8:01  Extractor  
  41  8:02  Drone  
  41  8:04  Extractor  
  40  8:07  Drone  
  40  8:11  Drone  
  42  8:15  Drone  
  42  8:19  Drone  
  44  8:24  Drone  
  45  8:28  Drone  
  45  8:32  Drone  
  47  8:37  Drone  
  49  8:41  Drone  
  49  8:45  Drone  
  50  8:50  Drone  
  50  8:54  Drone  
  52  8:58  Drone  
  52  8:59  Overlord  
  54  9:02  Drone  
  54  9:07  Drone  
  55  9:11  Drone  
  55  9:15  Drone  
  57  9:20  Drone  
  58  9:42  Mutalisk  
  58  9:43  Overseer, Pneumatized Carapace  
  58  9:44  Overlord  
  58  9:45  Evolution Chamber  
  49  9:46  Drone  
  49  9:47  Overseer  
  50  9:54  Zergling x2  
  51  10:03  Overlord, Drone  
  51  10:06  Roach  
  34  10:07  Hydralisk Den  
  34  10:08  Drone  
  28  10:19  Drone  
  24  10:29  Roach  
  24  10:32  Overlord, Drone  
  25  10:37  Drone  
  28  10:47  Evolution Chamber  
Tags
 
Composition
Bio Tank
League
Gold
Matchup
TvZ
Opening
Pool First
Spawn Locations
Cross Positions
Add a new tag
Caveats
  • Supply blocks, unpowered buildings, or Contaminate may cause inaccurate times.
  • Supply counts are checked every 10 seconds.